3L
KINGSTON TOWNSHIP LEGION @ PHILADELPHIA 1776 BC
07/13/2025
 
TOP OF THE 1ST
Kingston Township Legion batting - Pitching for Philadelphia 1776 BC : RHP Yin-fat Foong
Pitching: RHP Yin-fat Foong
Batting: LHB Christian Blair 0-0: Called Strike
0-1: Ground out 4-3 (Groundball, 4S)
Batting: RHB Layton Templeman 0-0: Ground out 4-3 (Groundball, 4)
Batting: RHB José Icaza 0-0: Swinging Strike
0-1: Foul Ball, location: 2F
0-2: Ball
1-2: Ball
2-2: Ball
3-2: Ground out 6-3 (Groundball, 6)
Top of the 1st over - 0 run(s), 0 hit(s), 0 error(s), 0 left on base; Kingston Township 0 - Philadelphia 1776 0
BOTTOM OF THE 1ST
Philadelphia 1776 BC batting - Pitching for Kingston Township Legion : LHP Yusuke Chikafuji
Pitching: LHP Yusuke Chikafuji
Batting: RHB Jesús Orozco 0-0: Called Strike
0-1: Foul Ball, location: 2F
0-2: Strikes out swinging
Batting: RHB António Granados 0-0: Ball
1-0: Ball
2-0: Called Strike
2-1: Ball
3-1: Foul Ball, location: 2F
3-2: Foul Ball, location: 2F
3-2: Foul Ball, location: 2F
3-2: Base on Balls
Batting: LHB Cliff Aldridge 0-0: Foul Ball, location: 2F
0-1: Foul Ball, location: 2F
0-2: Ball
1-2: Grounds into double play, 6-4-3 (Groundball, 6M)
Bottom of the 1st over - 0 run(s), 0 hit(s), 0 error(s), 0 left on base; Kingston Township 0 - Philadelphia 1776 0
TOP OF THE 2ND
Kingston Township Legion batting - Pitching for Philadelphia 1776 BC : RHP Yin-fat Foong
Batting: LHB Clay Rush 0-0: Called Strike
0-1: Ground out 6-3 (Groundball, 6M)
Batting: RHB Pedro Mendoza 0-0: Foul Ball, location: 2F
0-1: Ball
1-1: Ball
2-1: Foul Ball, location: 2F
2-2: SINGLE (Line Drive, 8LS)
Pitching: RHP Ken Frost
Batting: RHB Clarence Neal 0-0: Ball
1-0: Ball
2-0: Called Strike
2-1: Fly out, F8 (Flyball, 8LS)
Batting: RHB Juan Aguirre 0-0: Ball
1-0: Ground out 6-3 (Groundball, 6)
Top of the 2nd over - 0 run(s), 1 hit(s), 0 error(s), 1 left on base; Kingston Township 0 - Philadelphia 1776 0
BOTTOM OF THE 2ND
Philadelphia 1776 BC batting - Pitching for Kingston Township Legion : LHP Yusuke Chikafuji
Batting: RHB Patrizio Vanali 0-0: Ball
1-0: Ball
2-0: Ball
3-0: Base on Balls
Batting: RHB Dave Morris 0-0: Called Strike
0-1: Ball
Patrizio Vanali steals 2nd base
1-1: Foul Ball, location: 2F
1-2: Foul Ball, location: 2F
1-2: Fly out, F9 (Flyball, 9)
Batting: RHB Keith MacKey 0-0: Called Strike
0-1: Foul Ball, location: 2F
0-2: Fly out, F8 (Line Drive, 8RS)
Batting: SHB Jesús Cabańe 0-0: Fly out, F8 (Line Drive, 89D)
Bottom of the 2nd over - 0 run(s), 0 hit(s), 0 error(s), 1 left on base; Kingston Township 0 - Philadelphia 1776 0
TOP OF THE 3RD
Kingston Township Legion batting - Pitching for Philadelphia 1776 BC : RHP Ken Frost
Batting: LHB Forrest McCooke 0-0: Called Strike
0-1: Called Strike
0-2: Foul Ball, location: 2F
0-2: Ball
1-2: Ball
2-2: Ground out 4-3 (Groundball, 4)
Batting: LHB Rufo Flores 0-0: Ground out 4-3 (Groundball, 34)
Batting: LHB Christian Blair 0-0: Ball
1-0: Swinging Strike
1-1: Called Strike
1-2: Ball
2-2: Foul Ball, location: 2F
2-2: Strikes out swinging
Top of the 3rd over - 0 run(s), 0 hit(s), 0 error(s), 0 left on base; Kingston Township 0 - Philadelphia 1776 0
BOTTOM OF THE 3RD
Philadelphia 1776 BC batting - Pitching for Kingston Township Legion : LHP Yusuke Chikafuji
Batting: RHB Russell Jackson 0-0: Ball
1-0: Ball
2-0: SINGLE (Groundball, 6MD)
Batting: RHB Donald Thompson 0-0: Called Strike
0-1: Fly out, F4 (Line Drive, 4M)
Batting: RHB Jesús Orozco 0-0: Ball
1-0: Ball
2-0: Ball
3-0: Base on Balls
Russell Jackson to second
Batting: RHB António Granados 0-0: Foul Ball, location: 2F
0-1: Foul Ball, location: 2F
0-2: Foul Ball, location: 2F
0-2: Foul Ball, location: 2F
0-2: Fly out, F9 (Flyball, 9)
Batting: LHB Cliff Aldridge 0-0: Foul Ball, location: 2F
0-1: Ball
1-1: Ball
2-1: Swinging Strike
2-2: Foul Ball, location: 2F
2-2: Foul Ball, location: 2F
2-2: Foul Ball, location: 2F
2-2: Strikes out looking
Bottom of the 3rd over - 0 run(s), 1 hit(s), 0 error(s), 2 left on base; Kingston Township 0 - Philadelphia 1776 0
TOP OF THE 4TH
Kingston Township Legion batting - Pitching for Philadelphia 1776 BC : RHP Ken Frost
Batting: RHB Layton Templeman 0-0: Reached on error, E4 (Popup, 4)
Batting: RHB José Icaza 0-0: Ball
1-0: Ball
2-0: Ball
3-0: Called Strike
3-1: Base on Balls
Layton Templeman to second
Batting: LHB Clay Rush 0-0: Ball
1-0: Called Strike
1-1: Ball
2-1: Fly out, F7 (Flyball, 7S)
Batting: RHB Pedro Mendoza 0-0: Ball
1-0: Foul Ball, location: 2F
1-1: 3-RUN HOME RUN (Flyball, 7D), Distance : 386 ft
Batting: RHB Clarence Neal 0-0: Ball
1-0: Foul Ball, location: 2F
1-1: Foul Ball, location: 2F
1-2: Fly out, F7 (Line Drive, 7)
Batting: RHB Juan Aguirre 0-0: Called Strike
0-1: Ball
1-1: Ground out 6-3 (Groundball, 56)
Top of the 4th over - 3 run(s), 1 hit(s), 1 error(s), 0 left on base; Kingston Township 3 - Philadelphia 1776 0
BOTTOM OF THE 4TH
Philadelphia 1776 BC batting - Pitching for Kingston Township Legion : LHP Yusuke Chikafuji
Batting: RHB Patrizio Vanali 0-0: Ball
1-0: Foul Ball, location: 2F
1-1: Foul Ball, location: 2F
1-2: Fly out, F8 (Line Drive, 8RD)
Batting: RHB Dave Morris 0-0: Ground out 5-3 (Groundball, 56S)
Batting: RHB Keith MacKey 0-0: DOUBLE (Line Drive, 7LM)
Batting: SHB Jesús Cabańe 0-0: Swinging Strike
0-1: Ball
1-1: Swinging Strike
1-2: Strikes out swinging
Bottom of the 4th over - 0 run(s), 1 hit(s), 0 error(s), 1 left on base; Kingston Township 3 - Philadelphia 1776 0
TOP OF THE 5TH
Kingston Township Legion batting - Pitching for Philadelphia 1776 BC : RHP Ken Frost
Batting: LHB Forrest McCooke 0-0: Ball
1-0: Foul Ball, location: 2F
1-1: Ball
2-1: Foul Ball, location: 2F
2-2: Ball
3-2: Fly out, F7 (Line Drive, 7LD)
Batting: LHB Rufo Flores 0-0: Called Strike
0-1: Fly out, F6 (Line Drive, 6M)
Batting: LHB Christian Blair 0-0: Foul Ball, location: 2F
0-1: Ball
1-1: Called Strike
1-2: Foul Ball, location: 2F
1-2: Foul Ball, location: 2F
1-2: Ball
2-2: Foul Ball, location: 2F
2-2: Fly out, F8 (Flyball, 8RS)
Top of the 5th over - 0 run(s), 0 hit(s), 0 error(s), 0 left on base; Kingston Township 3 - Philadelphia 1776 0
BOTTOM OF THE 5TH
Philadelphia 1776 BC batting - Pitching for Kingston Township Legion : LHP Yusuke Chikafuji
Batting: RHB Russell Jackson 0-0: Ball
1-0: Ball
2-0: Ball
3-0: Called Strike
3-1: Swinging Strike
3-2: SINGLE (Groundball, 6MD)
Batting: RHB Donald Thompson 0-0: Ball
1-0: Ball
2-0: Ball
3-0: Base on Balls
Russell Jackson to second
Batting: RHB Jesús Orozco 0-0: Foul Ball, location: 2F
0-1: Bunted foul
0-2: Ball
1-2: Strikes out swinging
Batting: RHB António Granados 0-0: Grounds into double play, 1-6-3 (Groundball, 13)
Bottom of the 5th over - 0 run(s), 1 hit(s), 0 error(s), 1 left on base; Kingston Township 3 - Philadelphia 1776 0
TOP OF THE 6TH
Kingston Township Legion batting - Pitching for Philadelphia 1776 BC : RHP Ken Frost
Pitching: RHP Ramiro Germán
Batting: RHB Layton Templeman 0-0: Called Strike
0-1: Ball
1-1: Swinging Strike
1-2: Ball
2-2: Ball
3-2: Strikes out looking
Batting: RHB José Icaza 0-0: Called Strike
0-1: Ball
1-1: Ball
2-1: Ball
3-1: Base on Balls
Batting: LHB Clay Rush 0-0: Called Strike
0-1: Ground out 4-3 (Groundball, 4S)
José Icaza to second
Batting: RHB Pedro Mendoza 0-0: Foul Ball, location: 2F
0-1: SINGLE (Groundball, 56D)
José Icaza to third
Batting: RHB Clarence Neal 0-0: Foul Ball, location: 2F
0-1: Fly out, F8 (Flyball, 8LS)
Top of the 6th over - 0 run(s), 1 hit(s), 0 error(s), 2 left on base; Kingston Township 3 - Philadelphia 1776 0
BOTTOM OF THE 6TH
Philadelphia 1776 BC batting - Pitching for Kingston Township Legion : LHP Yusuke Chikafuji
Batting: LHB Cliff Aldridge 0-0: Called Strike
0-1: Foul Ball, location: 2F
0-2: Ball
1-2: Ground out 6-3 (Groundball, 6M)
Batting: RHB Patrizio Vanali 0-0: Ball
1-0: Ball
2-0: Foul Ball, location: 2F
2-1: Ball
3-1: Called Strike
3-2: Base on Balls
Batting: RHB Dave Morris 0-0: Ball
1-0: Ground out 5-3 (Groundball, 56S)
Patrizio Vanali to second
Batting: RHB Keith MacKey 0-0: SINGLE (Line Drive, 7S)
Patrizio Vanali to third
Runner from 3rd tries for Home, SAFE, no throw
Batting: SHB Jesús Cabańe 0-0: Ball
1-0: Called Strike
1-1: Called Strike
1-2: Fielders Choice at 2nd, 4-6 (Groundball, 4)
Bottom of the 6th over - 1 run(s), 1 hit(s), 0 error(s), 0 left on base; Kingston Township 3 - Philadelphia 1776 1
TOP OF THE 7TH
Kingston Township Legion batting - Pitching for Philadelphia 1776 BC : RHP Ramiro Germán
Batting: RHB Juan Aguirre 0-0: Foul Ball, location: 2F
0-1: Foul Ball, location: 2F
0-2: Ball
1-2: Ball
2-2: Strikes out swinging
Batting: LHB Forrest McCooke 0-0: Called Strike
0-1: Ball
1-1: Foul Ball, location: 2F
1-2: Ball
2-2: Foul Ball, location: 2F
2-2: Ball
3-2: Foul Ball, location: 2F
3-2: SINGLE (Groundball, 5D)
Batting: LHB Rufo Flores 0-0: Called Strike
0-1: Grounds into double play, 4-6-3 (Groundball, 4)
Top of the 7th over - 0 run(s), 1 hit(s), 0 error(s), 0 left on base; Kingston Township 3 - Philadelphia 1776 1
BOTTOM OF THE 7TH
Philadelphia 1776 BC batting - Pitching for Kingston Township Legion : LHP Yusuke Chikafuji
Batting: RHB Russell Jackson 0-0: Fly out, F7 (Flyball, 7)
Batting: RHB Donald Thompson 0-0: Ball
1-0: Foul Ball, location: 2F
1-1: Foul Ball, location: 2F
1-2: Ball
2-2: Ball
3-2: Ground out 5-3 (Groundball, 56)
Batting: RHB Jesús Orozco 0-0: Ground out 1-3 (Groundball, 15S)
Bottom of the 7th over - 0 run(s), 0 hit(s), 0 error(s), 0 left on base; Kingston Township 3 - Philadelphia 1776 1
TOP OF THE 8TH
Kingston Township Legion batting - Pitching for Philadelphia 1776 BC : RHP Ramiro Germán
Batting: LHB Christian Blair 0-0: Ball
1-0: Swinging Strike
1-1: Foul Ball, location: 2F
1-2: Foul Ball, location: 2F
1-2: DOUBLE (Flyball, 7LM)
Batting: RHB Layton Templeman 0-0: Intentional Walk
Batting: RHB José Icaza 0-0: Ball
1-0: Ball
2-0: Called Strike
2-1: Called Strike
2-2: Foul Ball, location: 2F
2-2: SINGLE (Groundball, 6MD)
Christian Blair to third
Layton Templeman to second
Runner from 3rd tries for Home, throw and OUT!
Batting: LHB Clay Rush 0-0: Foul Ball, location: 2F
0-1: Ball
1-1: Foul Ball, location: 2F
1-2: Foul Ball, location: 2F
1-2: Ball
2-2: Foul Ball, location: 2F
2-2: Ball
3-2: Grounds into double play, 4-6-3 (Groundball, 4)
Top of the 8th over - 0 run(s), 2 hit(s), 0 error(s), 1 left on base; Kingston Township 3 - Philadelphia 1776 1
BOTTOM OF THE 8TH
Philadelphia 1776 BC batting - Pitching for Kingston Township Legion : LHP Yusuke Chikafuji
Batting: RHB António Granados 0-0: Ground out 6-3 (Groundball, 56)
Batting: LHB Cliff Aldridge 0-0: Ball
1-0: Ball
2-0: Called Strike
2-1: Ball
3-1: SINGLE (Groundball, 4MD)
Pitching: LHP Il-young Kim
Batting: RHB Patrizio Vanali 0-0: Called Strike
0-1: Ball
1-1: Called Strike
1-2: Strikes out swinging
Pitching: RHP Alfonso Miranda
Batting: RHB Dave Morris 0-0: Called Strike
0-1: Ball
1-1: DOUBLE (Line Drive, 78D)
Cliff Aldridge to third
Batting: RHB Keith MacKey 0-0: Ball
1-0: Foul Ball, location: 2F
1-1: SINGLE (Groundball, 5) (infield hit)
Cliff Aldridge scores
Dave Morris to third
Batting: SHB Jesús Cabańe 0-0: Ball
1-0: Ball
2-0: Fielders Choice at 2nd, 4-6 (Groundball, 4)
Bottom of the 8th over - 1 run(s), 3 hit(s), 0 error(s), 1 left on base; Kingston Township 3 - Philadelphia 1776 2
TOP OF THE 9TH
Kingston Township Legion batting - Pitching for Philadelphia 1776 BC : RHP Ramiro Germán
Pitching: LHP Woody Sullivan
Batting: RHB Pedro Mendoza 0-0: Ball
1-0: Foul Ball, location: 2F
1-1: Fly out, F8 (Flyball, 8RM)
Batting: RHB Clarence Neal 0-0: Ball
1-0: Called Strike
1-1: Ball
2-1: DOUBLE (Line Drive, 7D)
Batting: RHB Juan Aguirre 0-0: Intentional Walk
Batting: LHB Forrest McCooke 0-0: Ball
1-0: Ball
2-0: Called Strike
2-1: Foul Ball, location: 2F
2-2: Foul Ball, location: 2F
2-2: Ball
3-2: SINGLE (Line Drive, 56)
Clarence Neal to third
Juan Aguirre to second
Pinch Hitting: RHB Rodrigo Pagán 0-0: Ball
1-0: Foul Ball, location: 2F
1-1: DOUBLE (Line Drive, 89XD)
Clarence Neal scores
Juan Aguirre scores
Forrest McCooke to third
Runner from 3rd tries for Home, SAFE, no throw
Pitching: LHP Han-lee Pak
Batting: LHB Christian Blair 0-0: Ball
1-0: Called Strike
1-1: DOUBLE (Line Drive, 78XD)
Rodrigo Pagán scores
Batting: RHB Layton Templeman 0-0: Foul Ball, location: 2F
0-1: Ball
1-1: Called Strike
1-2: Foul Ball, location: 2F
1-2: Strikes out swinging
Batting: RHB José Icaza 0-0: Called Strike
0-1: Ball
1-1: Called Strike
1-2: Foul Ball, location: 2F
1-2: Foul Ball, location: 2F
1-2: Ball
2-2: Hit by Pitch
Batting: LHB Clay Rush 0-0: Swinging Strike
0-1: Foul Ball, location: 2F
0-2: Ball
1-2: Ball
2-2: Foul Ball, location: 2F
2-2: Foul Ball, location: 2F
2-2: Foul Ball, location: 2F
2-2: Ball
3-2: Strikes out swinging
Top of the 9th over - 4 run(s), 4 hit(s), 0 error(s), 2 left on base; Kingston Township 7 - Philadelphia 1776 2
BOTTOM OF THE 9TH
Philadelphia 1776 BC batting - Pitching for Kingston Township Legion : RHP Alfonso Miranda
Pitching: RHP Toshiro Saikawa
Now at 3B: Rodrigo Pagán
Batting: RHB Russell Jackson 0-0: Ball
1-0: Called Strike
1-1: Ball
2-1: Ground out 6-3 (Groundball, 6)
Batting: RHB Donald Thompson 0-0: Ball
1-0: Ground out 5-3 (Groundball, 5S)
Batting: RHB Jesús Orozco 0-0: Foul Ball, location: 2F
0-1: Ball
1-1: Ball
2-1: Foul Ball, location: 2F
2-2: Ball
3-2: Base on Balls
Batting: RHB António Granados 0-0: Foul Ball, location: 2F
0-1: Foul Ball, location: 2F
0-2: Ball
1-2: Ball
2-2: Foul Ball, location: 2F
2-2: Ball
3-2: Base on Balls
Jesús Orozco to second
Batting: LHB Cliff Aldridge 0-0: Ball
1-0: Fly out, F8 (Flyball, 8LM)
Bottom of the 9th over - 0 run(s), 0 hit(s), 0 error(s), 2 left on base; Kingston Township 7 - Philadelphia 1776 2
Friday, December 30th, 2016 - OOTP Baseball 17.12 Build 75